 Dungeon Crawl Stone Soup version 0.32-a0-996-gb3226c233f (webtiles) character file.

Game seed: 7629508288950721794

950 GabrielManson the Ruffian (level 8, -6/54 HPs)
             Began as an Octopode Shapeshifter on Apr 23, 2024.
             Was a Priest of Trog.
             Mangled by an ogre
             ... wielding a +0 giant spiked club
              (25 damage)
             ... on level 5 of the Dungeon.
             The game lasted 00:09:59 (4329 turns).

GabrielManson the Ruffian (Octopode Shapeshifter)   Turns: 4329, Time: 00:10:01

Health: -6/54      AC:  1    Str: 16    XL:     8   Next: 13%
Magic:  8/8        EV: 13    Int: 12    God:    Trog [***...]
Gold:   221        SH:  0    Dex: 11    Spells: 7/7 levels left

rFire   . .          .
                       - Unarmed
rCold   . . .        (no shield)
rNeg    . . .        (helmet currently unavailable)
rPois   .            (no amulet)
rElec   .            (no ring)
rCorr   .            (no ring)
SInv    .            (no ring)
Will    .....        (no ring)
Stlth   ++           (no ring)
HPRegen 0.29/turn    (no ring)
MPRegen 0.11/turn    (no ring)
                     (no ring)

%: no passive effects
@: lethally poisoned (-6 -> -13), beast-form
A: beast (slay +2), almost no armour, amphibious, 8 rings, camouflage 1,
gelatinous body 1, (nimble swimmer 1), tentacles
a: Begin Untransformation, Renounce Religion, Berserk, Trog's Hand


You were on level 5 of the Dungeon.
You worshipped Trog.
Trog was most pleased with you.
You were a hulking beast.
You visited 1 branch of the dungeon, and saw 5 of its levels.

You collected 221 gold pieces.

Inventory:

Talismans
 b - a beast talisman (active)
 c - a flux talisman
 p - a maw talisman
Wands
 f - a wand of acid (9)
 g - a wand of paralysis (11)
 r - a wand of flame (19)
Scrolls
 i - a scroll of revelation
 j - a scroll of noise {unknown}
 k - 2 scrolls of amnesia {unknown}
 l - a scroll of teleportation
 m - 2 scrolls of identify {unknown}
 n - a scroll of blinking {unknown}
 o - a scroll of enchant weapon {unknown}
 q - a scroll of fear {unknown}
Potions
 a - 3 potions of lignification
 d - a potion of invisibility
 e - 4 potions of curing
 h - 3 potions of heal wounds


   Skills:
 + Level 3.9 Fighting
 + Level 4.4 Dodging
 * Level 6.4 Unarmed Combat
 + Level 4.8 Shapeshifting


You had 7 spell levels left.
You didn't know any spells.
Your spell library was empty.

Dungeon Overview and Level Annotations

Branches:
Dungeon (5/15)             Temple (0/1) D:5

Altars:
Elyvilon
Makhleb
Okawaru
Qazlal
Ru
Sif Muna
Trog
Vehumet
Yredelemnul


Innate Abilities, Weirdness & Mutations

You are a hulking beast.
Your limbs bulge with bestial killing power. (Slay +2)
You cannot wear most types of armour.
You are amphibious.
You can wear up to eight rings at the same time.
Your skin changes colour to match your surroundings (Stealth+).
Your rubbery body absorbs attacks. (AC +1, EV +1)
((You are camouflaged when in or above water. (Stealth+)))
You have tentacles for arms and can constrict up to eight enemies at once.


Message History

Trog accepts your kill.
No target in view!
There is an open door here.
You open the door.
An ogre, 2 adders, a gnoll and an ufetubus come into view.
The gnoll misses you.
There is an open door here.
The gnoll hits you with a +0 spear!
The adder hisses angrily.
You bludgeon the gnoll! You grab the gnoll. You squeeze the gnoll.
You kill the gnoll!
Trog accepts your kill.
The ufetubus shouts!
You hear an angry hiss.
You hear a shout!
The adder barely misses you. The ufetubus barely misses you.
The ufetubus hits you. The adder misses you. The ufetubus slips past you!
The ufetubus hits you. The ufetubus barely misses you. The adder bites you.
You are poisoned.
The adder poisons you!
You see here a +0 spear.
You tentacle-slap the ufetubus but do no damage.
You grab the ufetubus. You constrict the ufetubus.
You feel sick.
The ufetubus hits you. x2; The adder closely misses you.
You tentacle-slap the ufetubus but do no damage.
The ufetubus is severely wounded.
You constrict the ufetubus.
You feel sick. The ufetubus hits you. The ufetubus barely misses you.
The adder bites you.
You are more poisoned.
The adder poisons you! The ufetubus hits you. The ufetubus misses you.
You bludgeon the ufetubus!
You kill the ufetubus!
Trog accepts your kill.
You feel sick. The adder completely misses you.
The adder hisses angrily.
You bludgeon the adder! Your grab misses the adder.
Your squeeze misses the adder.
The adder is severely wounded.
You feel sick. The adder bites you.
The ogre hits you with a +0 giant spiked club!!
You die...

#..#...............#
#.##################
#.#...# .##
#.#.ß.+##O.
#.#...#.S# #.#...#.#
#.'.ß.S###
###...#OS##
#...#.h.# #.ß.+#...#
#...###..+ ##### ###


You could see an ogre and 2 adders.

Vanquished Creatures
  Eustachio (D:4)
  An ogre (D:5)
  4 scorpions
  2 orc priests (D:3)
  2 hounds (D:5)
  Crazy Yiuf (D:4)
  3 iguanas
  Terence (D:2)
  Ijyb (D:4)
  Robin (D:4)
  9 adders
  A gnoll (D:5)
  A shadow imp (D:5)
  An ufetubus (D:5)
  3 dart slugs
  5 ribbon worms
  An orc (D:3)
  6 ball pythons
  5 endoplasms
  5 giant cockroaches
  15 goblins
  6 hobgoblins
  5 jackals (D:1)
  12 kobolds
  3 quokkas
  7 bats
  3 frilled lizards
  4 rats (D:2)
109 creatures vanquished.

Notes
Turn   | Place    | Note
-------+----------+-------------------------------------------
     0 | D:1      | GabrielManson the Octopode Shapeshifter began the quest for
                  | the Orb.
     0 | D:1      | Reached XP level 1. HP: 13/13 MP: 1/1
    54 | D:1      | Reached XP level 2. HP: 16/18 MP: 2/2
   192 | D:1      | Found a faded altar of an unknown god.
   374 | D:1      | Prayed at the altar of an unknown god.
   374 | D:1      | Became a worshipper of Trog the Wrathful
   374 | D:1      | Reached * piety under Trog
   494 | D:1      | Reached XP level 3. HP: 11/23 MP: 3/3
  1096 | D:2      | Noticed Terence
  1109 | D:2      | Reached XP level 4. HP: 23/29 MP: 4/4
  1112 | D:2      | Killed Terence
  1208 | D:2      | Reached ** piety under Trog
  1338 | D:2      | Reached skill level 4 in Unarmed Combat
  1578 | D:2      | Reached XP level 5. HP: 27/34 MP: 5/5
  2387 | D:3      | Found a stormy altar of Qazlal.
  2387 | D:3      | Found a burning altar of Makhleb.
  2632 | D:3      | Found a faded altar of an unknown god.
  2636 | D:3      | Found a white marble altar of Elyvilon.
  2749 | D:4      | Noticed Eustachio
  2749 | D:4      | Found a radiant altar of Vehumet.
  2777 | D:4      | Found a sacrificial altar of Ru.
  2786 | D:4      | Noticed Ijyb
  2794 | D:4      | Paralysed by Ijyb for 3 turns
  2798 | D:4      | Killed Ijyb
  2799 | D:4      | Reached XP level 6. HP: 40/41 MP: 6/6
  3089 | D:4      | Reached skill level 5 in Unarmed Combat
  3100 | D:4      | Killed Eustachio
  3101 | D:4      | Reached XP level 7. HP: 31/46 MP: 7/7
  3179 | D:4      | Found a runed translucent door.
  3180 | D:4      | Noticed Crazy Yiuf
  3250 | D:4      | Noticed Robin
  3260 | D:4      | Reached *** piety under Trog
  3273 | D:4      | Killed Robin
  3392 | D:4      | Found a shimmering blue altar of Sif Muna.
  3533 | D:4      | Killed Crazy Yiuf
  3578 | D:5      | Entered Level 5 of the Dungeon
  3705 | D:5      | Found a staircase to the Ecumenical Temple.
  3806 | D:5      | Found an iron altar of Okawaru.
  3938 | D:5      | Found a basalt altar of Yredelemnul.
  3955 | D:5      | Reached skill level 6 in Unarmed Combat
  4071 | D:5      | Reached XP level 8. HP: 54/54 MP: 8/8
  4329 | D:5      | Mangled by an ogre

Illustrated notes

Levels and vault maps discovered:
D:1:      mainiacjoe_arrival_oval_in_oval, layout_basic,
          shapermc_ecumenical_altar_flowoftime
D:2:      layout_loops_ring, serial_aquarium, aquarium_bridge_square
          [aquarium_subvault_wall, aquarium_subvault_balcony,
          aquarium_subvault_bridge, aquarium_subvault_wall],
          aquarium_window_fake, aquarium_window_corridor_2, aquarium_view_2d,
          aquarium_view_2c, aquarium_pool_2, uniq_terence
D:3:      layout_loops_cross, nicolae_overflow_ecumenical_swirl,
          mainiacjoe_overflow_catwalk_spiral, hangedman_decor_points,
          st_stairs_12, minmay_misc_feat_hallway
D:4:      layout_rooms, mainiacjoe_overflow_catwalk,
          mainiacjoe_overflow_small_starburst, marbit_many_paths,
          uniq_crazy_yiuf_cottage, uniq_ijyb, uniq_robin, uniq_eustachio
D:5:      minmay_chambers_of_threes, layout_gridville, kennysheep_mini_moat,
          lemuel_round_altar, minmay_temple_entry_wispy

Skill      XL: |  1  2  3  4  5  6  7 |
---------------+----------------------+-----
Fighting       | 2 3 |  3.9
Unarmed Combat | 4 5 6 |  6.4
Dodging        | 3 4 |  4.4
Shapeshifting  | 4 |  4.8

Action                     |  1- 3 |  4- 6 |  7- 9 || total
---------------------------+-------+-------+-------++-------
  Melee: Unarmed           |    81 |    80 |    66 ||   227
         Constrict         |    28 |    25 |    20 ||    73
         Tentacles         |     9 |    20 |    11 ||    40
         Punch             |     3 |     2 |     3 ||     8
  Evoke: Wand              |       |     3 |       ||     3
    Use: Potion            |     2 |     2 |     2 ||     6
         Scroll            |       |     3 |       ||     3
   Stab: Sleeping          |     4 |    11 |     4 ||    19
 Armour: Skin              |    33 |    33 |    38 ||   104
  Dodge: Dodged            |    44 |    30 |    52 ||   126

Table legend: (Time is in decaauts)
 A = Elapsed time spent in this place.
 B = Non-inter-level travel time spent in this place.
 C = Inter-level travel time spent in this place.
 D = Time resting spent in this place.
 E = Time spent auto-exploring this place.
 F = Levels seen in this place.
 G = Mean time per level.
                   A        B        C        D        E       F      G
               +--------+--------+--------+--------+--------+-----+--------+
         Total |   4310 |   4151 |    159 |    197 |   3218 |   5 |  862.0 |
       Dungeon |   4310 |   4151 |    159 |    197 |   3218 |   5 |  862.0 |
               +--------+--------+--------+--------+--------+-----+--------+

Top non-repeatable levels by time:
     D:2: 1019 daAuts
     D:1: 927 daAuts
     D:3: 811 daAuts
     D:4: 805 daAuts
     D:5: 746 daAuts
